 Dungeon Crawl Stone Soup version 0.29-a0-1042-g87b1fcd763 (webtiles) character file.

Game seed: 7237787911938010377

51 polve the Chopper (level 3, -3/29 HPs)
             Began as a Demonspawn Abyssal Knight on Aug 15, 2022.
             Was a Priest of Lugonu.
             Slain by a gnoll
             ... wielding a +0 spear
              (6 damage)
             ... on level 2 of the Dungeon.
             The game lasted 00:01:33 (2254 turns).

polve the Chopper (Demonspawn Abyssal Knight)       Turns: 2254, Time: 00:01:33

Health: -3/29      AC: 10    Str: 15    XL:     3   Next: 57%
Magic:  4/4        EV: 10    Int: 11    God:    Lugonu [***...]
Gold:   104        SH:  4    Dex: 13    Spells: 2/2 levels left

rFire   . . .      SeeInvis .   a - +1 hand axe
rCold   . . .      Faith    .   g - +0 buckler
rNeg    . . .      Spirit   .   b - +0 leather armour
rPois   .          Reflect  .   (no helmet)
rElec   .          Harm     .   (no cloak)
rCorr   .          Rampage  .   (no gloves)
Will    .....                   f - +0 pair of boots
Stlth   +.........              (no amulet)
HPRegen 0.09/turn               (no ring)
MPRegen 0.09/turn               (no ring)

@: sanguine armoured
A: sanguine armour 1, demonic magic 1
a: Renounce Religion, Depart the Abyss, Bend Space, Banish


You were on level 2 of the Dungeon.
You worshipped Lugonu.
Lugonu was most pleased with you.
You visited 1 branch of the dungeon, and saw 2 of its levels.
You visited the Abyss 1 time.

You collected 104 gold pieces.

Inventory:

Hand Weapons
 a - a +1 hand axe (weapon)
Armour
 b - a +0 leather armour (worn)
 f - a +0 pair of boots (worn)
 g - a +0 buckler (worn)
Scrolls
 c - 3 scrolls of identify {unknown}
 d - a scroll of torment {unknown}
 e - a scroll of poison {unknown}
 j - a scroll of fear {unknown}
 l - a scroll of teleportation {unknown}
 m - a scroll of butterflies {unknown}
Potions
 h - a potion of ambrosia {unknown}
 i - 2 potions of curing {unknown}
 k - a potion of brilliance {unknown}
 n - a potion of invisibility {unknown}


   Skills:
 - Level 3.0 Fighting
 * Level 3.2 Axes
 - Level 1.7 Armour
 - Level 0.8 Dodging
 + Level 1.3 Shields
 - Level 2.4 Invocations


You had 2 spell levels left.
You didn't know any spells.
Your spell library contained the following spells:

 Spells                   Type           Power      Damage    Failure   Level
 Static Discharge         Conj/Air       0%         3-3/arc   65%         2
 Airstrike                Air            0%         2d(0-16)  99%         4
 Summon Lightning Spire   Summ/Air       0%         N/A       99%         4
 Lightning Bolt           Conj/Air       0%         1d11      100%        5
 Maxwell's Capacitive Co  Air            0%         ∞         100%        8


Dungeon Overview and Level Annotations

Branches:
Dungeon (2/15)

Altars:


Innate Abilities, Weirdness & Mutations

When seriously injured, your blood forms armour. (AC +6)
Spells you cast may paralyse adjacent enemies.


Message History

You are too injured to fight recklessly!
You are too injured to fight recklessly!
You are too injured to fight recklessly!
You are too injured to fight recklessly!
You are too injured to fight recklessly!
You are too injured to fight recklessly!
You are too injured to fight recklessly!
You are too injured to fight recklessly!
You are too injured to fight recklessly!
You are too injured to fight recklessly!
You barely miss the gnoll. You hit the gnoll but do no damage.
The gnoll hits you with a +0 whip.
Your blood congeals into armour.
The gnoll closely misses you.
You closely miss the gnoll. You hit the gnoll but do no damage.
The gnoll throws a boomerang.
The boomerang hits you. The gnoll hits you with a +0 whip.
The gnoll hits you with a +0 flail. The gnoll closely misses you.
The gnoll hits you with a +0 spear.
* * * LOW HITPOINT WARNING * * *
You block the gnoll's attack. x3
You hit the gnoll.
The gnoll is moderately wounded.
You hit the gnoll but do no damage. x2; You closely miss the gnoll.
The gnoll hits you but does no damage. The gnoll closely misses you.
The gnoll barely misses you. The gnoll closely misses you.
The gnoll barely misses you. The gnoll hits you with a +0 spear.
* * * LOW HITPOINT WARNING * * *
You block the gnoll's attack. The gnoll hits you but does no damage.
You hit the gnoll.
The gnoll is heavily wounded.
You closely miss the gnoll. You hit the gnoll. x2
The gnoll closely misses you. The gnoll barely misses you.
The gnoll hits you with a +0 spear.
* * * LOW HITPOINT WARNING * * *
The gnoll barely misses you.
You hit the gnoll but do no damage.
The gnoll is lightly wounded.
You closely miss the gnoll. x2; You hit the gnoll.
The gnoll hits you with a +0 spear.
You die...

#.##### #)#...#.
#.#.#.#. #.#
#.#.#.#.. #.#
#.#.#.#.. #.#
#...#.#..# #.#
#####.#... #.#
#...#.#...#########.#
#.#.#.#..g@......##)#
#(#.#.#..ggg)..#.##.#
#.#.#.#...####.#.##.#
#.#...#).. #.#.##.#
#.#####... #.#.##.#
#.#...#... #.#.##)#
#.#.#.#... #.#.##.#
#.#.#.####
#.#.##.#######
#.#.#.#
#.#...........


You could see 4 gnolls.

Vanquished Creatures
  2 dart slugs
  6 ball pythons
  2 bats
  5 endoplasms
  3 goblins
  4 hobgoblins
  4 jackals (D:1)
  7 kobolds
  2 quokkas
  A frilled lizard (D:1)
  4 rats
40 creatures vanquished.

Notes
Turn   | Place    | Note
-------+----------+-------------------------------------------
     0 | Abyss:1  | polve the Demonspawn Abyssal Knight began the quest for the
                  | Orb.
     0 | Abyss:1  | Reached XP level 1. HP: 18/18 MP: 2/2
    52 | Abyss:1  | Found a corrupted altar of Lugonu.
    74 | Abyss:1  | Found a corrupted altar of Lugonu.
   199 | D:1      | Escaped the Abyss
   592 | D:1      | Gained mutation: Spells you cast may paralyse adjacent
                  | enemies. [demonic ancestry]
   592 | D:1      | Reached XP level 2. HP: 23/24 MP: 3/3
  1130 | D:1      | Reached skill level 1 in Shields
  1183 | D:1      | Gained mutation: When seriously injured, your blood forms
                  | armour. (AC +6) [demonic ancestry]
  1183 | D:1      | Reached XP level 3. HP: 29/29 MP: 4/4
  1896 | D:2      | Found a faded altar of an unknown god.
  2200 | D:2      | Reached *** piety under Lugonu
  2254 | D:2      | Slain by a gnoll

Illustrated notes

Levels and vault maps discovered:
D:1:      mushboom_english_gardens, layout_basic,
          chequers_serial_rivers_micro_b, glass_columns_a
D:2:      layout_basic, hellmonk_ecumenical_altar_leap_of_faith,
          roderic_serpentine_path

Skill      XL: |  1  2  3 |
---------------+----------+-----
Axes           | 2 3 |  3.2
Shields        | 1 |  1.3
Fighting       | |  3.0
Armour         | |  1.7
Dodging        | |  0.8
Invocations    | |  2.4

Action                   || total
-------------------------++-------
Melee: Hand axe          ||   116
Invok: Depart the Abyss  ||     1
Armor: Leather armour    ||    43
Dodge: Dodged            ||    69
Block: Buckler           ||    20

Table legend: (Time is in decaauts)
 A = Elapsed time spent in this place.
 B = Non-inter-level travel time spent in this place.
 C = Inter-level travel time spent in this place.
 D = Time resting spent in this place.
 E = Time spent auto-exploring this place.
 F = Levels seen in this place.
 G = Mean time per level.
                   A        B        C        D        E       F      G
               +--------+--------+--------+--------+--------+-----+--------+
         Total |   2280 |   2257 |     23 |      0 |   1951 |   3 |  760.0 |
       Dungeon |   2081 |   2058 |     23 |      0 |   1752 |   2 | 1040.5 |
         Abyss |    199 |    199 |      0 |      0 |    199 |   1 |  199.0 |
               +--------+--------+--------+--------+--------+-----+--------+

Top non-repeatable levels by time:
     D:1: 1298 daAuts
     D:2: 783 daAuts
 Abyss:1: 199 daAuts
